 Dungeon Crawl Stone Soup version 0.29-a0-653-gd47aff6735 (webtiles) character file.

Game seed: 13450249604136150208

3145 ptdevnull the Cleaver (level 9, -7/73 HPs)
             Began as a Hill Orc Abyssal Knight on June 22, 2022.
             Was an Elder of Lugonu.
             Mangled by a yak (13 damage)
             ... on level 5 of the Dungeon.
             The game lasted 00:13:29 (6921 turns).

ptdevnull the Cleaver (Hill Orc Abyssal Knight)     Turns: 6921, Time: 00:13:30

Health: -7/73      AC:  9    Str: 20    XL:     9   Next: 93%
Magic:  25/25      EV:  9    Int: 10    God:    Lugonu [****..]
Gold:   420        SH:  0    Dex: 11    Spells: 8/8 levels left

rFire   . . .      SeeInvis .   I - +0 war axe
rCold   . . .      Faith    .   (no shield)
rNeg    . . .      Spirit   .   v - +0 scale mail
rPois   .          Reflect  .   z - +2 helmet
rElec   .          Harm     .   (no cloak)
rCorr   .          Rampage  .   (no gloves)
Will    .....                   (no boots)
Stlth   ..........              q - amulet of regeneration
HPRegen 1.02/turn               i - ring of magical power
MPRegen 0.19/turn               (no ring)

@: mighty
A: no striking features
a: Renounce Religion, Depart the Abyss, Bend Space, Banish, Corrupt


You were on level 5 of the Dungeon.
You worshipped Lugonu.
Lugonu was greatly pleased with you.
You visited 1 branch of the dungeon, and saw 6 of its levels.
You visited the Abyss 1 time.
You also visited: Sewer.

You collected 420 gold pieces.

Inventory:

Hand Weapons
 a - a +1 hand axe
 k - a +2 whip of flaming
 I - a +0 war axe (weapon)
Missiles
 B - 2 throwing nets
Armour
 b - a +0 leather armour
 h - a +0 ring mail
 m - a +1 plate armour
 v - a +0 scale mail (worn)
 z - a +2 helmet (worn)
 C - a +0 buckler
 F - a +0 kite shield
Jewellery
 i - a ring of magical power (left hand)
 q - an amulet of regeneration (around neck)
 A - a ring of ice
Wands
 c - a wand of paralysis (4)
Scrolls
 d - 3 scrolls of amnesia
 f - 3 scrolls of poison
 p - 2 scrolls of teleportation
 r - 3 scrolls of immolation
 x - a scroll of fear
 y - a scroll of enchant armour
 E - 2 scrolls of identify
 G - a scroll of acquirement {unknown}
 H - a scroll of fog {unknown}
Potions
 e - 2 potions of haste
 g - a potion of might
 j - 4 potions of flight
 l - a potion of berserk rage
 n - a potion of magic
 o - a potion of brilliance
 s - a potion of invisibility
 t - a potion of lignification {unknown}
 u - a potion of resistance
 w - a potion of ambrosia {unknown}
 D - a potion of heal wounds {unknown}


   Skills:
 * Level 4.8 Fighting
 - Level 14.0 Axes
 + Level 3.0 Armour
 - Level 0.7 Dodging
 + Level 1.7 Shields
 - Level 10.0 Invocations


You had 8 spell levels left.
You didn't know any spells.
Your spell library contained the following spells:

 Spells                   Type           Power      Damage    Failure   Level
 Magic Dart               Conj           0%         1d3       71%         1
 Call Imp                 Summ           0%         N/A       85%         2
 Call Canine Familiar     Summ           0%         N/A       97%         3
 Gell's Gravitas          Tloc           0%         N/A       97%         3
 Lesser Beckoning         Tloc           0%         N/A       97%         3
 Mephitic Cloud           Conj/Pois/Air  0%         N/A       97%         3
 Portal Projectile        Hex/Tloc       0%         N/A       97%         3
 Teleport Other           Tloc           0%         N/A       97%         3
 Leda's Liquefaction      Hex/Erth       0%         N/A       100%        4
 Fireball                 Conj/Fire      0%         3d3       100%        5
 Starburst                Conj/Fire      0%         6d3       100%        6
 Ignition                 Fire           0%         3d3       100%        8


Dungeon Overview and Level Annotations

Branches:
Dungeon (6/15)             Temple (0/1) D:4           Sewer (visited)

Altars:
Uskayaw
Yredelemnul
The Shining One

Annotations:
D:4 1 runed translucent door, zeratav's ghost, amateur SpAM
Abyss:1 Grinder; Pikel; Sigmund


Message History

You slash the yak!
You kill the yak!
Lugonu accepts your kill.
Your Armour skill increases to level 3!
No target in view!
No target in view!
You climb downwards.
The yak gores you but does no damage. The yak gores you!
The yak gores you but does no damage. The yak gores you!
There is a stone staircase leading up, spattered with blood here.
The yak barely misses you. The yak gores you but does no damage.
You climb upwards.
There is a stone staircase leading down, spattered with blood here.
Okay, then.
Okay, then.
You feel very mighty all of a sudden. The yak closely misses you.
The yak completely misses you.
You barely miss the yak.
The yak is lightly wounded.
You hit the yak. The yak gores you! The yak closely misses you.
You slash the yak!
The yak is moderately wounded.
You hit the yak. You barely miss the yak.
The yak is moderately wounded.
You slash the yak! The yak gores you!
* * * LOW HITPOINT WARNING * * *
The yak gores you!
* * * LOW HITPOINT WARNING * * *
You slash the yak!
The yak is heavily wounded.
You slash the yak! The yak barely misses you.
The yak gores you but does no damage.
Unknown command.
You completely miss the yak.
The yak is heavily wounded.
You slash the yak!
You kill the yak!
Lugonu accepts your kill. The yak gores you!
You die...

#####################
...........#........#
...........#........#
...........+........#
..##.......##.......#
..##.......##....†..#
..##.......##...@Y..#
......>....#####'####
........(...........#
..##.......##.......#
..##########........#
...# #........# ...#
########## ..## ####


You could see a yak.

Vanquished Creatures
  3 yaks
  A water moccasin (D:4)
  3 black bears
  2 lemures (D:5)
  3 phantoms
  A kobold brigand (D:6)
  2 necrophages
  4 scorpions
  4 jellies
  4 hounds
  An orc priest (D:6)
  A gnoll shaman (D:4)
  3 iguanas
  Ijyb (D:3)
  Robin (D:3)
  8 gnolls (D:5)
  8 adders
  10 river rats
  A worm (D:3)
  7 dart slugs
  11 orcs
  5 ball pythons
  6 bats
  8 endoplasms
  8 giant cockroaches
  17 goblins
  9 hobgoblins
  4 quokkas
  7 frilled lizards
  15 kobolds
  19 rats
  A spectral orc (D:5)
178 creatures vanquished.

Vanquished Creatures (others)
  A rat (D:3)
1 creature vanquished.

Grand Total: 179 creatures vanquished

Notes
Turn   | Place    | Note
-------+----------+-------------------------------------------
     0 | Abyss:1  | ptdevnull the Hill Orc Abyssal Knight began the quest for
                  | the Orb.
     0 | Abyss:1  | Reached XP level 1. HP: 19/19 MP: 2/2
    19 | D:1      | Escaped the Abyss
    78 | D:1      | Reached skill level 3 in Axes
   205 | D:1      | Reached XP level 2. HP: 21/26 MP: 4/4
   879 | D:1      | Reached skill level 4 in Axes
   982 | D:1      | Reached XP level 3. HP: 31/31 MP: 5/5
  1351 | D:2      | Reached *** piety under Lugonu
  1784 | D:2      | Reached XP level 4. HP: 39/39 MP: 6/6
  1867 | D:2      | Found a faded altar of an unknown god.
  2111 | D:2      | Reached skill level 5 in Axes
  2640 | D:3      | Noticed Sigmund
  2693 | D:3      | Noticed Grinder
  2825 | D:3      | Reached XP level 5. HP: 45/45 MP: 8/8
  2864 | D:3      | Reached skill level 6 in Axes
  2868 | D:3      | Found a glowing drain.
  2888 | Sewer    | Entered a sewer
  2992 | Sewer    | Reached **** piety under Lugonu
  3246 | Sewer    | Reached XP level 6. HP: 44/51 MP: 9/9
  3326 | D:3      | Banished Grinder
  3327 | D:3      | Reached skill level 8 in Axes
  3327 | D:3      | Reached skill level 5 in Invocations
  3327 | D:3      | Reached XP level 7. HP: 47/57 MP: 11/11
  3435 | D:3      | Noticed Ijyb
  3440 | D:3      | Paralysed by Ijyb for 4 turns
  3456 | D:3      | Paralysed by Ijyb for 2 turns
  3460 | D:3      | Killed Ijyb
  3614 | D:3      | Noticed Robin
  3665 | D:3      | Killed Robin
  3808 | D:3      | Banished Sigmund
  3809 | D:3      | Reached skill level 9 in Axes
  4352 | D:4      | Found a staircase to the Ecumenical Temple.
  4518 | D:4      | Found a runed translucent door.
  4521 | D:4      | Noticed zeratav's ghost (amateur SpAM)
  4653 | D:3      | Reached XP level 8. HP: 58/64 MP: 13/13
  4682 | D:4      | Reached skill level 10 in Axes
  5174 | D:4      | Reached skill level 11 in Axes
  5425 | D:5      | Entered Level 5 of the Dungeon
  5505 | D:5      | Noticed Pikel
  5555 | D:5      | Banished Pikel
  5556 | D:5      | Reached skill level 12 in Axes
  5556 | D:5      | Reached XP level 9. HP: 35/70 MP: 15/15
  5792 | D:5      | Found a glowing golden altar of the Shining One.
  5842 | D:5      | Reached skill level 13 in Axes
  6025 | D:5      | Found a basalt altar of Yredelemnul.
  6510 | D:6      | Found a hide-covered altar of Uskayaw.
  6526 | D:6      | Reached skill level 10 in Invocations
  6711 | D:6      | Reached skill level 14 in Axes
  6830 | D:6      | Reached skill level 1 in Shields
  6921 | D:5      | Mangled by a yak

Illustrated notes

Levels and vault maps discovered:
D:1:      elethiomel_arrival_infinity_welcomes_careful_drivers,
          layout_loops_ring
D:2:      minmay_chambers_of_ones, layout_basic,
          chequers_ecumenical_altar_twisty, minivault_4
D:3:      layout_basic, lightli_sewer_entry_pipes, uniq_ijyb, uniq_grinder,
          uniq_robin, uniq_sigmund
D:4:      layout_cave_pods, minmay_temple_entry_glass, ebering_ghost_sewer_d,
          kennysheep_nondescript, minmay_surrounded
D:5:      layout_gridville, yredelemnul_forgotten_temple_becter,
          mainiacjoe_overflow_concentric_impassable, uniq_pikel
D:6:      layout_cave_pools, nicolae_uskayaw_dance_studio,
          chequers_temple_overflow_statue_of_worship, serial_glass,
          glass_columns_c, glass_columns_b, due_unseen_surprise,
          item_on_display_a

Skill      XL: |  1  2  3  4  5  6  7  8  9 |
---------------+----------------------------+-----
Axes           | 3 4 5 6 8 9 12 14 | 14.0
Invocations    | 3 4 5 6 9 10 | 10.0
Fighting       | 4 |  4.8
Shields        | 1 |  1.7
Armour         | 3 |  3.0
Dodging        | |  0.7

Action                   |  1- 3 |  4- 6 |  7- 9 || total
-------------------------+-------+-------+-------++-------
Melee: Hand axe          |    30 |       |       ||    30
       Whip              |    74 |   170 |   520 ||   764
       Punch             |       |     1 |     3 ||     4
       War axe           |       |       |    25 ||    25
Invok: Bend Space        |       |     1 |     1 ||     2
       Banish            |       |     1 |     6 ||     7
  Use: Scroll            |       |     8 |     9 ||    17
       Potion            |       |       |     8 ||     8
 Stab: Invisible         |       |       |     1 ||     1
Armor: Leather armour    |     6 |       |       ||     6
       Ring mail         |    41 |    59 |    11 ||   111
       Scale mail        |       |       |   212 ||   212
Dodge: Dodged            |    75 |    75 |   227 ||   377

Table legend: (Time is in decaauts)
 A = Elapsed time spent in this place.
 B = Non-inter-level travel time spent in this place.
 C = Inter-level travel time spent in this place.
 D = Time resting spent in this place.
 E = Time spent auto-exploring this place.
 F = Levels seen in this place.
 G = Mean time per level.
                   A        B        C        D        E       F      G
               +--------+--------+--------+--------+--------+-----+--------+
         Total |   6876 |   6545 |    331 |    433 |   4545 |   8 |  859.5 |
       Dungeon |   6403 |   6072 |    331 |    433 |   4248 |   6 | 1067.2 |
         Abyss |     19 |     19 |      0 |      0 |     10 |   1 |   19.0 |
         Sewer |    453 |    453 |      0 |      0 |    287 |   1 |  453.0 |
               +--------+--------+--------+--------+--------+-----+--------+

Top non-repeatable levels by time:
     D:2: 1490 daAuts
     D:1: 1249 daAuts
     D:4: 1146 daAuts
     D:3: 1140 daAuts
     D:5: 807 daAuts
     D:6: 570 daAuts
   Sewer: 453 daAuts
 Abyss:1: 19 daAuts
